 Dungeon Crawl Stone Soup version 0.29.1-1-gd02db69 (webtiles) character file.

Game seed: 4166210679594213707

17 Timinator the Ducker (level 2, 23/26 HPs)
             Began as a Gnoll Monk on Jan 20, 2023.
             Was a Believer of Hepliaklqana.
             Got out of the dungeon alive.
             The game lasted 00:01:16 (221 turns).

Timinator the Ducker (Gnoll Monk)                    Turns: 221, Time: 00:01:17

Health: 23/26      AC:  2    Str: 10    XL:     2   Next: 62%
Magic:  2/2        EV: 15    Int:  9    God:    Hepliaklqana [**....]
Gold:   19         SH:  0    Dex: 14    Spells: 2/2 levels left

rFire   . . .      SeeInvis .   a - +0 short sword
rCold   . . .      Faith    .   (no shield)
rNeg    . . .      Spirit   .   b - +0 robe
rPois   .          Reflect  .   (no helmet)
rElec   .          Harm     .   (no cloak)
rCorr   .          Rampage  .   (no gloves)
Will    .....                   (no boots)
Stlth   +++.......              (no amulet)
HPRegen 0.08/turn               (no ring)
MPRegen 0.08/turn               (no ring)

@: no status effects
A: reduced essence, fangs 1, strong nose, distributed training
a: Renounce Religion, Ancestor Life: Knight, Ancestor Life: Battlemage, Ancestor
Life: Hexer, Recall Ancestor, Ancestor Identity


You escaped.
You worshipped Hepliaklqana.
Hepliaklqana was pleased with you.
You visited 1 branch of the dungeon, and saw 1 of its levels.

You collected 19 gold pieces.

Inventory:

Hand Weapons
 a - a +0 short sword (weapon)
Armour
 b - a +0 robe (worn)
Scrolls
 e - a scroll of identify {unknown}
Potions
 c - a potion of ambrosia
 d - a potion of lignification {unknown}
 f - 2 potions of cancellation {unknown}


   Skills:
 + Level 6.5 Fighting
 + Level 6.5 Short Blades
 + Level 0.5 Long Blades
 + Level 0.5 Axes
 + Level 0.5 Maces & Flails
 + Level 0.5 Polearms
 + Level 0.5 Staves
 + Level 0.5 Ranged Weapons
 + Level 0.5 Throwing
 + Level 0.5 Armour
 + Level 6.5 Dodging
 + Level 4.1 Stealth
 + Level 0.5 Shields
 + Level 0.5 Unarmed Combat
 + Level 0.5 Spellcasting
 + Level 0.3 Conjurations
 + Level 0.3 Hexes
 + Level 0.3 Summonings
 + Level 0.3 Necromancy
 + Level 0.3 Translocations
 + Level 0.3 Transmutations
 + Level 0.3 Fire Magic
 + Level 0.3 Ice Magic
 + Level 0.3 Air Magic
 + Level 0.3 Earth Magic
 + Level 0.3 Poison Magic
 + Level 0.6 Invocations
 + Level 0.5 Evocations


You had 2 spell levels left.
You didn't know any spells.
Your spell library was empty.

Dungeon Overview and Level Annotations

Branches:
Dungeon (1/15)

Altars:
Hepliaklqana


Innate Abilities, Weirdness & Mutations

Your life essence is reduced to manifest your ancestor. (-10% HP)
You have very sharp teeth.
Your uncanny sense of smell can sniff out nearby items.
Your experience applies equally to all skills.


Message History

The kobold is severely wounded.
The kobold completely misses you.
You hit the kobold but do no damage.
The kobold is severely wounded.
You hit the kobold.
You kill the kobold!
Things that are here:
a +0 club; 3 stones; a +0 leather armour You see here a +0 sling.
A rat comes into view.
There is a faded altar of an unknown god here.
You cannot tell which god this altar belongs to.
Convert to them anyway?
Hepliaklqana accepts your prayer! Hepliaklqana welcomes you!
Hepliaklqana forms a fragment of your life essence into the memory of your ancestor, Ara!
You can now recall your ancestor.
You can now remember your ancestor's identity.
You may now remember your ancestor's life.
Unknown command.
Press < or > to pray at altars.
Unknown command.
Press < or > to pray at altars.
You swap places.
You barely miss the rat. You closely miss the rat.
Ara closely misses the rat.
The rat misses you. The rat completely misses you.
Ara barely misses the rat.
You hit the rat.
You kill the rat!
You swap places.
(D) Dungeon
Where to? (? - help)
What level of the Dungeon? (default 1, ? - help)
There is an open door here.
You open the door.
There is an open door here.
You open the door.
There is an open door here.
There is a staircase leading out of the dungeon here.
Are you sure you want to leave the Dungeon?
This will make you lose the game!
You have escaped!

#...###.######.#######.#..
#..)##...### #............
#...##.....###..##.#####.
##.###...#.#.........# #.#
##..###.###.###.### #.#
##.......#.+.....+ #.#
#.#'#.#'###'#.#+# #.#
#...#.#.R...+.# #.#
###.#.#..@..#.# #.#
#.###[.>..#+#
####.#.#.....#
#....#.#.....#.#
####.##'#.#####+#.#+#
............+.# ...
#########.###'###.#
#...##.##..####.
##..............


You could see the friendly Ara the ancestor.

Vanquished Creatures
  A dart slug (D:1)
  2 ball pythons (D:1)
  2 endoplasms (D:1)
  3 giant cockroaches (D:1)
  A hobgoblin (D:1)
  A goblin (D:1)
  2 kobolds (D:1)
  2 rats (D:1)
14 creatures vanquished.

Notes
Turn   | Place    | Note
-------+----------+-------------------------------------------
     0 | D:1      | Timinator the Gnoll Monk began the quest for the Orb.
     0 | D:1      | Reached XP level 1. HP: 23/23 MP: 1/1
   101 | D:1      | Found a faded altar of an unknown god.
   121 | D:1      | Reached XP level 2. HP: 27/29 MP: 2/2
   180 | D:1      | Prayed at the altar of an unknown god.
   180 | D:1      | Became a worshipper of Hepliaklqana the Forgotten
   180 | D:1      | Reached * piety under Hepliaklqana
   180 | D:1      | Reached ** piety under Hepliaklqana
   221 | D:$      | Got out of the dungeon alive.

Illustrated notes

Levels and vault maps discovered:
D:1:      shiori_arrival_maze, layout_loops_ring, basic_ecumenical_altar,
          serial_bayou_pond_b, minmay_cut_off

Action                   || total
-------------------------++-------
Melee: Short sword       ||    51
       Bite              ||     3
 Stab: Sleeping          ||     1
Armor: Robe              ||     5
Dodge: Dodged            ||    35
